 Dungeon Crawl Stone Soup version 0.32-a0-799-g95e1662365 (webtiles) character file.

Game seed: 715334727855788379

2 Cheivey the Trooper (level 1, -1/18 HPs)
             Began as a Demonspawn Fighter on Mar 21, 2024.
             Slain by a goblin
             ... wielding a +0 dagger
              (2 damage)
             ... on level 1 of the Dungeon.
             The game lasted 00:00:25 (40 turns).

Cheivey the Trooper (Demonspawn Fighter)              Turns: 40, Time: 00:00:25

Health: -1/18      AC:  6    Str: 16    XL:     1   Next: 33%
Magic:  1/1        EV:  7    Int:  8    God:
Gold:   0          SH:  4    Dex: 12    Spells: 0/0 levels left

rFire   . . .        a - +0 flail
rCold   . . .        c - +0 buckler
rNeg    . . .        b - +0 scale mail
rPois   .            (no helmet)
rElec   .            (no cloak)
rCorr   .            (no gloves)
SInv    .            (no boots)
Will    .....        (no amulet) Stlth
                     (no ring)
HPRegen 0.23/turn    (no ring)
MPRegen 0.07/turn

%: no passive effects
@: mighty
A: no striking features
a: no special abilities


You were on level 1 of the Dungeon.
You visited 1 branch of the dungeon, and saw 1 of its levels.

Inventory:

Hand Weapons
 a - a +0 flail (weapon)
Armour
 b - a +0 scale mail (worn)
 c - a +0 buckler (worn)


   Skills:
 + Level 3.1 Fighting
 + Level 1.9 Maces & Flails
 - Level 2.6 Armour
 - Level 2.6 Shields


You couldn't memorise any spells.
You didn't know any spells.
Your spell library was empty.

Dungeon Overview and Level Annotations

Branches:
Dungeon (1/15) Zot: 5952

Altars:


Message History

You are too injured to fight recklessly!
You are too injured to fight recklessly!
You are too injured to fight recklessly!
You are too injured to fight recklessly!
You are too injured to fight recklessly!
You are too injured to fight recklessly!
You feel very mighty all of a sudden.
The kobold hits you but does no damage. x2; The kobold hits you with a +0 club.
The goblin hits you but does no damage.
You barely miss the kobold. The kobold barely misses you.
The kobold hits you but does no damage. You block the kobold's attack.
The goblin hits you but does no damage.
You sock the kobold!
You kill the kobold!
The kobold hits you but does no damage. You block the kobold's attack.
The goblin hits you but does no damage. The hobgoblin closely misses you.
You block the kobold's attack. The kobold barely misses you.
You barely miss the hobgoblin. The goblin hits you but does no damage.
You block the hobgoblin's attack.
The kobold hits you but does no damage. x2
You block the goblin's attack.
You closely miss the hobgoblin. The hobgoblin hits you.
* * * LOW HITPOINT WARNING * * *
The kobold hits you but does no damage. x2; You block the goblin's attack.
You sock the hobgoblin!
You kill the hobgoblin!
The kobold hits you but does no damage. The kobold hits you with a +0 dagger.
* * * LOW HITPOINT WARNING * * *
The goblin hits you but does no damage. The kobold barely misses you. x2
The goblin hits you but does no damage. The kobold barely misses you.
Things that are here:
a +0 dagger; a hobgoblin corpse You barely miss the kobold.
The goblin hits you but does no damage. The kobold hits you with a +0 club.
* * * LOW HITPOINT WARNING * * *
You block the goblin's attack. The kobold hits you but does no damage.
You thump the kobold!
You kill the kobold!
The goblin completely misses you. The kobold hits you but does no damage.
The goblin hits you with a +0 dagger.
You die...

......... #........
#........ .......[.
#.....).. #........
##### #####
####........ #...#
#...# #...@K..# #.>.#
#...# #..g)...#
#...###...###....#..#
.................#...#
.................# #.#
.................# .#
#...###...###....... .
#.>.# #...# #....... .
#...# #...# #........


You could see a goblin and a kobold.

Vanquished Creatures
  A hobgoblin (D:1)
  2 kobolds (D:1)
3 creatures vanquished.

Notes
Turn   | Place    | Note
-------+----------+-------------------------------------------
     0 | D:1      | Cheivey the Demonspawn Fighter began the quest for the Orb.
     0 | D:1      | Reached XP level 1. HP: 18/18 MP: 1/1
    40 | D:1      | Slain by a goblin

Illustrated notes

Levels and vault maps discovered:
D:1:      minmay_arrival_hallway, layout_rooms, minmay_misc_feat_room

Action                     || total
---------------------------++-------
  Melee: Flail             ||    19
    Use: Potion            ||     1
 Armour: Scale mail        ||    53
  Dodge: Dodged            ||    23
  Block: Buckler           ||    19

Table legend: (Time is in decaauts)
 A = Elapsed time spent in this place.
 B = Non-inter-level travel time spent in this place.
 C = Inter-level travel time spent in this place.
 D = Time resting spent in this place.
 E = Time spent auto-exploring this place.
 F = Levels seen in this place.
 G = Mean time per level.
                   A        B        C        D        E       F      G
               +--------+--------+--------+--------+--------+-----+--------+
         Total |     46 |     46 |      0 |      0 |     13 |   1 |   46.0 |
       Dungeon |     46 |     46 |      0 |      0 |     13 |   1 |   46.0 |
               +--------+--------+--------+--------+--------+-----+--------+

Top non-repeatable levels by time:
     D:1: 46 daAuts
